 Dungeon Crawl Stone Soup version 0.29-a0-551-gffc1d7fb78 (webtiles) character file.

Game seed: 17963427648605832226

4157 happo123 the Covert (level 10, -2/60 HPs)
             Began as a Kobold Enchanter on June 5, 2022.
             Was a Believer of Wu Jian.
             Slain by a yak (11 damage)
             ... on level 8 of the Dungeon.
             The game lasted 00:30:06 (8187 turns).

happo123 the Covert (Kobold Enchanter)              Turns: 8187, Time: 00:30:06

Health: -2/60      AC:  9    Str: 10    XL:     10   Next: 52%
Magic:  11/18      EV: 17    Int: 27    God:    Wu Jian [**....]
Gold:   433        SH:  0    Dex: 15    Spells: 15/20 levels left

rFire   . . .      SeeInvis .   p - +10 war axe of Shame {vorpal, Str+4}
rCold   . . .      Faith    .   (no shield)
rNeg    + . .      Spirit   .   C - +2 robe {rN+}
rPois   .          Reflect  .   (no helmet)
rElec   .          Harm     .   r - +2 cloak
rCorr   .          Rampage  .   q - +0 pair of gloves
Will    .....                   d - +0 pair of boots
Stlth   +++++.....              (no amulet)
HPRegen 0.20/turn               o - +6 ring of intelligence
MPRegen 0.16/turn               (no ring)

@: studying Staves
A: small, no large weapons, nightstalker 3
a: Renounce Religion, Wall Jump


You were on level 8 of the Dungeon.
You worshipped Wu Jian.
Wu Jian was pleased with you.
You visited 2 branches of the dungeon, and saw 9 of its levels.
You also visited: Sewer.

You collected 433 gold pieces.

Inventory:

Hand Weapons
 p - the +10 war axe of Shame (weapon) {vorpal, Str+4}
   (You found it on level 3 of the Dungeon)

   It inflicts extra damage upon your enemies.
   Str:       It affects your strength (+4).
 H - a +2 short sword of draining
 I - a +2 dagger of venom
Armour
 d - a +0 pair of boots (worn)
 q - a +0 pair of gloves (worn)
 r - a +2 cloak (worn)
 C - a +2 robe of positive energy (worn)
Jewellery
 o - a +6 ring of intelligence (left hand)
Wands
 h - a wand of flame (12)
 A - a wand of acid (9)
Scrolls
 a - 2 scrolls of enchant armour {unknown}
 e - 2 scrolls of fear {unknown}
 g - 4 scrolls of blinking {unknown}
 i - 3 scrolls of vulnerability {unknown}
 j - 3 scrolls of acquirement {unknown}
 l - a scroll of fog {unknown}
 n - 3 scrolls of teleportation {unknown}
 s - 3 scrolls of silence {unknown}
 t - a scroll of torment {unknown}
 y - 3 scrolls of noise {unknown}
 z - 3 scrolls of poison {unknown}
 D - a scroll of magic mapping {unknown}
 G - a scroll of amnesia {unknown}
Potions
 b - a potion of cancellation {unknown}
 c - 3 potions of invisibility
 f - a potion of flight {unknown}
 k - 2 potions of heal wounds
 m - 9 potions of curing {unknown}
 u - 2 potions of mutation {unknown}
 v - 2 potions of resistance
 w - 2 potions of might
 B - 2 potions of attraction {unknown}
 E - 2 potions of haste
 F - 2 potions of brilliance


   Skills:
 + Level 5.8 Fighting
 + Level 7.2 Short Blades
 + Level 0.6 Axes
 + Level 6.8 Dodging
 + Level 8.9 Stealth
 + Level 5.9 Spellcasting
 * Level 8.5 Hexes


You had 15 spell levels left.
You knew the following spells:

 Your Spells              Type           Power      Damage    Failure   Level
a - Ensorcelled Hibernat  Hex/Ice        60%        N/A       1%          2
b - Confusing Touch       Hex            52%        N/A       1%          3

Your spell library contained the following spells:

 Spells                   Type           Power      Damage    Failure   Level
 Tukima's Dance           Hex            52%        N/A       1%          3
 Dazzling Flash           Conj/Hex       60%        N/A       3%          3
 Blink                    Tloc           16%        N/A       10%         2
 Sublimation of Blood     Necr           8%         N/A       10%         2
 Lesser Beckoning         Tloc           8%         N/A       21%         3
 Petrify                  Tmut/Erth      8%         N/A       54%         4
 Freezing Cloud           Conj/Ice/Air   4%         6-21      88%         5
 Irradiate                Conj/Tmut      4%         3d14      88%         5
 Manifold Assault         Tloc           8%         N/A       88%         5
 Simulacrum               Ice/Necr       4%         N/A       100%        6
 Polar Vortex             Ice            4%         N/A       100%        9


Dungeon Overview and Level Annotations

Branches:
Dungeon (8/15)             Temple (1/1) D:4            Lair (0/6) D:8
  Sewer (visited)

Altars:
Ashenzari
Cheibriados
Dithmenos
Elyvilon
Fedhas
Gozag
Hepliaklqana
Kikubaaqudgha
Makhleb
Nemelex Xobeh
Okawaru
Qazlal
Ru
Sif Muna
Trog
Uskayaw
Vehumet
Wu Jian
Xom
Yredelemnul
Zin
The Shining One

Shops:
D:6 !


Innate Abilities, Weirdness & Mutations

You are small and have problems with some larger weapons.
You are completely attuned to the shadows.


Message History

There is an open door here.
The hound bites you.
* * * LOW HITPOINT WARNING * * *
It was a potion of heal wounds.
You feel much better. The hound bites you but does no damage.
Aiming: Ensorcelled Hibernation (safe; 1% risk of failure)
Press: ? - help, Q - select action, (/) - cycle Shift-Dir - straight line, f/p - hound
Aim: a hound (chance to affect: 68%)
The hound looks drowsy...
The helpless hound fails to defend itself.
You slash the hound!
The hound is almost dead.
The hound barely misses you. The hound closely misses you.
You closely miss the hound.
The hound is almost dead.
The hound closely misses you. The hound bites you but does no damage.
Okay, then.
You slash the hound!
You kill the hound!
The Council accepts your kill.
A yak comes into view.
Aiming: Ensorcelled Hibernation (safe; 1% risk of failure)
Press: ? - help, Q - select action, (/) - cycle Shift-Dir - straight line, f - yak
Aim: a yak (lightly wounded, chance to affect: 60%)
The yak resists with significant effort.
The yak bellows!
Aiming: Ensorcelled Hibernation (safe; 1% risk of failure)
Press: ? - help, Q - select action, (/) - cycle Shift-Dir - straight line, f - yak, p - yak
Aim: a yak (chance to affect: 60%)
Okay, then.
You closely miss the yak. x2; The yak completely misses you.
The yak gores you!
You slash the yak!
The yak is heavily wounded.
You barely miss the yak. The yak closely misses you. The yak barely misses you.
You hit the yak.
The yak is heavily wounded.
You slash the yak! The yak gores you!
* * * LOW HITPOINT WARNING * * *
The yak gores you!
You die...

#.........#
#.........#
#......)..#
#.......(.#
.....##.....#
.....+####.....#
≈≈........#.....#
≈≈≈≈≈≈≈≈.......#Y....#
≈≈≈≈≈≈≈≈≈.....YY@....#
..≈≈≈≈.../....Y#######
≈.≈≈≈≈≈≈†......#
.†...!†........#
..≈≈≈≈≈≈≈......#
≈≈.≈≈≈≈≈≈.$....#
≈≈≈≈≈≈≈≈....####
≈≈≈≈.≈......#


You could see 4 yaks.

Vanquished Creatures
  Maggie (D:6)
  A troll (D:8)
  Sigmund (D:6)
  A wraith (D:6)
  A wyvern (D:7)
  4 yaks (D:7)
  A steam dragon (D:6)
  Edmund (D:6)
  A water moccasin (D:6)
  An orc warrior (D:6)
  2 sky beasts (D:6)
  An ogre (D:6)
  A centaur (D:8)
  2 wolves (D:8)
  2 phantoms
  4 kobold brigands
  A gnoll sergeant (D:7)
  A necrophage (D:5)
  3 scorpions
  An electric eel (D:8)
  2 gnoll shamans (D:6)
  Crazy Yiuf (D:4)
  7 hounds
  An orc priest (D:6)
  3 iguanas
  5 orc wizards
  16 gnolls
  11 adders
  3 river rats (Sewer)
  A shadow imp (D:6)
  3 ufetubi
  5 worms
  A dart slug (D:3)
  10 orcs
  15 ball pythons
  12 endoplasms
  5 giant cockroaches
  6 goblins
  8 hobgoblins
  8 jackals
  16 kobolds
  4 quokkas
  5 bats
  A frilled lizard (D:3)
  11 rats
191 creatures vanquished.

Vanquished Creatures (others)
  A plant (D:5)
1 creature vanquished.

Grand Total: 192 creatures vanquished

Notes
Turn   | Place    | Note
-------+----------+-------------------------------------------
     0 | D:1      | happo123 the Kobold Enchanter began the quest for the Orb.
     0 | D:1      | Reached XP level 1. HP: 10/10 MP: 3/3
   156 | D:1      | Reached XP level 2. HP: 15/15 MP: 5/5
   160 | D:1      | Learned a level 2 spell: Ensorcelled Hibernation
   948 | D:1      | Reached XP level 3. HP: 20/20 MP: 6/6
   952 | D:1      | Learned a level 3 spell: Confusing Touch
  1482 | D:2      | Reached skill level 1 in Fighting
  1551 | D:2      | Reached XP level 4. HP: 25/25 MP: 7/7
  2088 | D:3      | Identified the +10 war axe of Shame {vorpal, Str+4}
  2338 | D:3      | Reached XP level 5. HP: 15/29 MP: 8/8
  2998 | D:3      | Reached skill level 5 in Stealth
  3328 | D:3      | Reached XP level 6. HP: 35/35 MP: 10/10
  3668 | D:4      | Found a staircase to the Ecumenical Temple.
  3674 | Temple   | Entered the Ecumenical Temple
  3799 | Temple   | Became a worshipper of the Wu Jian Council
  4153 | D:4      | Found a runed translucent door.
  4156 | D:4      | Noticed Crazy Yiuf
  4160 | D:4      | Killed Crazy Yiuf
  4386 | D:4      | Found a hide-covered altar of Uskayaw.
  4477 | D:5      | Entered Level 5 of the Dungeon
  4505 | D:5      | Reached XP level 7. HP: 39/40 MP: 8/11
  4645 | D:5      | Reached skill level 5 in Hexes
  5246 | D:6      | Noticed Sigmund
  5273 | D:6      | Killed Sigmund
  5274 | D:6      | Reached XP level 8. HP: 20/46 MP: 1/13
  5371 | D:6      | Reached * piety under Wu Jian
  5445 | D:6      | Found Ryeliott's Distillery.
  5482 | D:6      | Noticed Maggie
  5494 | D:6      | Killed Maggie
  5565 | D:6      | Reached skill level 5 in Short Blades
  5565 | D:6      | Reached skill level 5 in Dodging
  5614 | D:6      | Found a glowing drain.
  5622 | D:6      | Reached XP level 9. HP: 34/52 MP: 12/15
  5625 | Sewer    | Entered a sewer
  6642 | D:6      | Noticed Edmund
  6646 | D:6      | Killed Edmund
  6767 | D:6      | Reached skill level 5 in Spellcasting
  6770 | D:6      | Reached ** piety under Wu Jian
  6836 | D:6      | Reached skill level 5 in Fighting
  7319 | D:7      | Reached XP level 10. HP: 59/59 MP: 12/18
  8148 | D:8      | Found a staircase to the Lair.
  8178 | D:8      | HP: 3/60 [hound (2)]
  8187 | D:8      | Slain by a yak

Illustrated notes

Levels and vault maps discovered:
D:1:      dpeg_arrival_solitude, layout_basic, st_stairs_11
D:2:      layout_rooms
D:3:      layout_loops_ring, grunt_ministairs_14, st_stairs_6,
          minmay_strange_pillars, grunt_decor_junction,
          kennysheep_generic_room_6
D:4:      layout_basic, nicolae_uskayaw_suspiria, minmay_temple_entry_ruins,
          uniq_crazy_yiuf_cottage
D:5:      layout_cave_pools, guppyfry_early_lair_pool
D:6:      layout_basic, serial_shops, shop, cheibrodos_sewer_entry_drain,
          minmay_manual_monolith, uniq_maggie, uniq_sigmund, uniq_edmund
D:7:      layout_cave_pools, minmay_misc_feat_roman
D:8:      layout_basic, erik_lair_island, st_stairs_7
Temple:   kilobyte_greek_temple

Skill      XL: |  1  2  3  4  5  6  7  8  9 10 |
---------------+-------------------------------+-----
Fighting       | 1 2 3 4 5 |  5.8
Short Blades   | 2 3 4 5 6 7 |  7.2
Dodging        | 3 4 5 6 |  6.8
Hexes          | 4 5 6 7 8 |  8.5
Stealth        | 5 6 8 |  8.9
Spellcasting   | 3 4 5 |  5.9
Axes           | |  0.6

Action                   |  1- 3 |  4- 6 |  7- 9 | 10-12 || total
-------------------------+-------+-------+-------+-------++-------
Melee: Dagger            |    57 |    74 |    69 |     3 ||   203
       War axe           |       |    31 |    62 |    43 ||   136
       Short sword       |       |       |       |    15 ||    15
       Punch             |       |       |       |     1 ||     1
 Cast: Ensorcelled Hiber |     6 |    20 |    39 |     6 ||    71
       Confusing Touch   |       |     2 |     2 |     1 ||     5
Invok: Lunge             |       |    14 |    31 |    10 ||    55
       Whirlwind         |       |       |     1 |     2 ||     3
  Use: Scroll            |       |       |     5 |       ||     5
       Potion            |       |       |       |     1 ||     1
 Stab: Sleeping          |    23 |    34 |    47 |    14 ||   118
       Distracted        |       |     1 |     1 |       ||     2
       Confused          |       |     1 |     1 |       ||     2
Armor: Robe              |     7 |    21 |    26 |    35 ||    89
Dodge: Dodged            |    34 |    76 |    87 |    67 ||   264

Table legend: (Time is in decaauts)
 A = Elapsed time spent in this place.
 B = Non-inter-level travel time spent in this place.
 C = Inter-level travel time spent in this place.
 D = Time resting spent in this place.
 E = Time spent auto-exploring this place.
 F = Levels seen in this place.
 G = Mean time per level.
                   A        B        C        D        E       F      G
               +--------+--------+--------+--------+--------+-----+--------+
         Total |   8280 |   7407 |    873 |    358 |   5461 |  10 |  828.0 |
       Dungeon |   7466 |   6622 |    844 |     92 |   5304 |   8 |  933.2 |
        Temple |    185 |    156 |     29 |      0 |    150 |   1 |  185.0 |
         Sewer |    627 |    627 |      0 |    266 |      6 |   1 |  627.0 |
               +--------+--------+--------+--------+--------+-----+--------+

Top non-repeatable levels by time:
     D:3: 1570 daAuts
     D:6: 1397 daAuts
     D:1: 1179 daAuts
     D:7: 915 daAuts
     D:2: 801 daAuts
     D:4: 754 daAuts
     D:5: 747 daAuts
   Sewer: 627 daAuts
  Temple: 185 daAuts
     D:8: 100 daAuts
